 Dungeon Crawl Stone Soup version 0.24.0-125-gc4c63601f3 (webtiles) character file.

Game seed: 3246235030170622217, levelgen mode: deterministic

7223 Frank2 the Basher (level 10, -10/79 HPs)
             Began as a Demonspawn Gladiator on Mar 21, 2020.
             Was a Priest of Makhleb.
             Mangled by a death yak (16 damage)
             ... on level 8 of the Dungeon.
             The game lasted 00:16:35 (9296 turns).

Frank2 the Basher (Demonspawn Gladiator)            Turns: 9296, Time: 00:16:36

Health: -10/79     AC: 15    Str: 15    XL:     10   Next: 88%
Magic:  10/10      EV: 10    Int: 10    God:    Makhleb [***...]
Gold:   430        SH:  0    Dex: 17    Spells: 9/9 levels left

rFire    + . .     SeeInvis .   a - +0 flail
rCold    . . .     Gourm    .   (no shield)
rNeg     + . .     Faith    .   w - +0 plate armour
rPois    .         Spirit   .   (helmet unavailable)
rElec    .         Reflect  .   (no cloak)
rCorr    .         Harm     .   v - +0 pair of gloves
MR       .....                  n - +0 pair of boots
Stlth    ..........             d - amulet of rage
HPRegen  0.23/turn              y - ring of stealth
MPRegen  0.12/turn              B - ring of positive energy

@: very slightly contaminated, invisible
A: horns 3, fire resistance 1, mutation resistance 1, rot immunity, sturdy frame
2
a: Minor Destruction, Lesser Servant of Makhleb, Renounce Religion, Evoke
Berserk Rage


You were on level 8 of the Dungeon.
You worshipped Makhleb.
Makhleb was most pleased with you.
You were hungry.

You visited 1 branch of the dungeon, and saw 9 of its levels.
You also visited: Sewer.

You collected 430 gold pieces.

Inventory:

Hand Weapons
 a - a +0 flail (weapon)
Armour
 n - a +0 pair of boots (worn)
 v - a +0 pair of gloves (worn)
 w - a +0 plate armour (worn)
Jewellery
 b - an uncursed ring of ice
 c - an uncursed ring of fire
 d - an amulet of rage (around neck)
 o - an uncursed ring of fire
 q - an uncursed ring of fire
 u - an uncursed ring of flight
 y - a ring of stealth (left hand)
 B - a ring of positive energy (right hand)
Scrolls
 t - 4 scrolls of remove curse
 x - 2 scrolls of identify
Potions
 e - a potion of invisibility
 g - 5 potions of curing
 h - a potion of might
 i - 2 potions of degeneration {unknown}
 j - 3 potions of heal wounds
 l - 3 potions of haste
 m - a potion of mutation
 p - 2 potions of lignification {unknown}
 r - 4 potions of brilliance {unknown}
 s - a potion of cancellation {unknown}
Comestibles
 f - 13 rations


   Skills:
 + Level 7.6 Fighting
 + Level 10.9 Maces & Flails
 - Level 1.7 Throwing
 + Level 7.2 Armour
 + Level 5.6 Dodging
 + Level 1.1 Evocations


You had 9 spell levels left.
You didn't know any spells.
Your spell library was empty.

Dungeon Overview and Level Annotations

Branches:
Dungeon (9/15)             Temple (0/1) D:4            Lair (0/6) D:9
  Sewer (visited)
    Orc: D:9-12

Altars:
Ashenzari
Cheibriados
Dithmenos
Elyvilon
Fedhas
Hepliaklqana
Kikubaaqudgha
Makhleb
Nemelex Xobeh
Okawaru
Qazlal
Ru
Uskayaw
Zin


Innate Abilities, Weirdness & Mutations

You have a pair of large horns on your head.
You are immune to rotting.
Your movements are less encumbered by armour. (ER -4)
Your flesh is heat resistant. (rF+)
You are somewhat resistant to further mutation.


Message History

You catch the helpless death yak completely off-guard!
You hit the death yak but do no damage.
You headbutt the death yak, but do no damage.
The death yak is severely wounded.
The death yak closely misses you.
You hit the death yak but do no damage. You headbutt the death yak.
The death yak is severely wounded.
The death yak gores you!!
* * * LOW HITPOINT WARNING * * *
You hit the death yak. You headbutt the death yak!
The death yak is severely wounded.
The death yak gores you but does no damage.
You barely miss the death yak.
The death yak is severely wounded.
The death yak gores you.
* * * LOW HITPOINT WARNING * * *
You hit the death yak.
The death yak is almost dead.
The death yak gores you!
You die...

######## ###.<....#
##...####.# ######.....###.#
#.....@Y.....#.#
#.####.>...#.#.# #.#
##......#.#######
########.######.............##
#...........# ##...######.....
#.####.####.# ##.## #.#.##
#.##.....##.# #.# #.#.##
##.#)......#.## #.# #.#..#
#..#.......#..# ##'## #.##.#


You could see a death yak.

Vanquished Creatures
  3 two-headed ogres
  2 polar bears (D:8)
  A vampire (D:9)
  Sigmund (D:6)
  2 yaks
  A hungry ghost (D:7)
  A steam dragon (D:8)
  Duvessa (D:5)
  6 ice beasts (D:8)
  An orc warrior (D:8)
  Purgy (Sewer)
  2 necrophages
  5 sky beasts
  2 phantoms
  5 ogres
  3 wolves (D:8)
  4 bullfrogs
  A gnoll sergeant (D:9)
  Dowan (D:5)
  3 killer bees (D:8)
  3 wights (D:6)
  2 howler monkeys
  A crimson imp (D:6)
  4 hounds
  3 jellies (D:8)
  A wyvern simulacrum (D:8)
  A centaur skeleton (D:4)
  An orc priest (D:8)
  3 orc wizards
  A bullfrog skeleton (D:5)
  Terence (D:3)
  3 iguanas
  2 worker ants
  A bullfrog simulacrum (D:8)
  A centaur simulacrum (D:8)
  A worker ant zombie (D:5)
  7 gnolls
  15 adders
  A river rat (D:3)
  A shadow imp (D:9)
  2 white imps (D:8)
  7 oozes
  2 adder skeletons
  An adder zombie (D:5)
  5 worms
  2 dart slugs
  9 leopard geckos
  14 orcs
  5 giant cockroaches
  6 goblins
  8 hobgoblins
  7 jackals
  2 quokkas
  A ball python (D:1)
  7 bats
  8 frilled lizards
  8 kobolds
  2 leopard gecko skeletons
  2 leopard gecko zombies
  9 rats
206 creatures vanquished.

Vanquished Creatures (collateral kills)
  An orc priest (D:8)
  A white imp (D:8)
  A quokka zombie (D:8)
3 creatures vanquished.

Grand Total: 209 creatures vanquished

Notes
Turn   | Place    | Note
-------+----------+-------------------------------------------
     0 | D:1      | Frank2 the Demonspawn Gladiator began the quest for the
                  | Orb.
     0 | D:1      | Reached XP level 1. HP: 16/16 MP: 1/1
   163 | D:1      | Gained mutation: You are immune to rotting. [demonic
                  | ancestry]
   163 | D:1      | Reached XP level 2. HP: 14/22 MP: 2/2
   328 | D:1      | Reached skill level 3 in Maces & Flails
   676 | D:2      | Noticed an ogre
   693 | D:2      | Killed an ogre
   693 | D:2      | Reached skill level 1 in Armour
   693 | D:2      | Gained mutation: You have a pair of small horns on your
                  | head. [demonic ancestry]
   693 | D:2      | Reached XP level 3. HP: 21/28 MP: 3/3
   693 | D:2      | Gained mutation: You have a pair of horns on your head.
                  | [demonic ancestry]
   693 | D:2      | Reached XP level 4. HP: 26/34 MP: 4/4
  1028 | D:2      | Reached skill level 4 in Maces & Flails
  1028 | D:2      | Gained mutation: Your movements are slightly less
                  | encumbered by armour. (ER -2) [demonic ancestry]
  1028 | D:2      | Reached XP level 5. HP: 39/39 MP: 5/5
  1123 | D:2      | Found a blossoming altar of Fedhas.
  1123 | D:2      | Found an ancient bone altar of Kikubaaqudgha.
  1220 | D:2      | Found a burning altar of Makhleb.
  1296 | D:2      | Found a shadowy altar of Dithmenos.
  1700 | D:2      | Found a hazy altar of Hepliaklqana.
  1737 | D:2      | Became a worshipper of Makhleb the Destroyer
  2058 | D:3      | Found a glowing drain.
  2064 | Sewer    | Entered a sewer
  2123 | Sewer    | Reached XP level 6. HP: 38/46 MP: 6/6
  2173 | Sewer    | Noticed Purgy
  2179 | Sewer    | Killed Purgy
  2179 | Sewer    | Reached * piety under Makhleb
  2179 | Sewer    | Reached skill level 5 in Maces & Flails
  2280 | D:3      | Noticed Terence
  2334 | D:3      | Killed Terence
  2592 | D:4      | Gained mutation: Your movements are less encumbered by
                  | armour. (ER -4) [demonic ancestry]
  2592 | D:4      | Reached XP level 7. HP: 25/52 MP: 7/7
  2977 | D:4      | Found a staircase to the Ecumenical Temple.
  2993 | D:4      | Reached skill level 6 in Maces & Flails
  3233 | D:4      | Gained mutation: Your flesh is heat resistant. (rF+)
                  | [potion of mutation]
  3233 | D:4      | Gained mutation: You are somewhat resistant to further
                  | mutation. [potion of mutation]
  3256 | D:5      | Entered Level 5 of the Dungeon
  3448 | D:5      | Noticed Dowan
  3448 | D:5      | Noticed Duvessa
  3462 | D:5      | Killed Duvessa
  3484 | D:5      | Killed Dowan
  3484 | D:5      | Gained mutation: You have a pair of large horns on your
                  | head. [demonic ancestry]
  3484 | D:5      | Reached XP level 8. HP: 30/60 MP: 8/8
  3716 | D:5      | Reached ** piety under Makhleb
  4470 | D:6      | Reached skill level 7 in Maces & Flails
  4518 | D:6      | Found a stormy altar of Qazlal.
  4612 | D:6      | Noticed Sigmund
  5165 | D:6      | Reached skill level 8 in Maces & Flails
  5308 | D:6      | Killed Sigmund
  5308 | D:6      | Reached XP level 9. HP: 25/67 MP: 9/9
  5626 | D:6      | Reached skill level 5 in Fighting
  5844 | D:7      | Found a shattered altar of Ashenzari.
  5844 | D:7      | Found a hide-covered altar of Uskayaw.
  5845 | D:7      | Found a white marble altar of Elyvilon.
  6109 | D:7      | Reached skill level 5 in Armour
  6298 | D:7      | Noticed a two-headed ogre
  6311 | D:7      | Killed a two-headed ogre
  6311 | D:7      | Reached skill level 9 in Maces & Flails
  6311 | D:7      | Reached skill level 5 in Dodging
  6365 | D:7      | Found a snail-covered altar of Cheibriados.
  6476 | D:7      | Noticed a two-headed ogre
  6488 | D:7      | Killed a two-headed ogre
  6488 | D:7      | Reached XP level 10. HP: 29/76 MP: 10/10
  6974 | D:8      | Found a sacrificial altar of Ru.
  7061 | D:8      | Reached skill level 10 in Maces & Flails
  7070 | D:8      | HP: 3/77 [orc priest/divine providence (10)]
  7099 | D:8      | Found a glowing silver altar of Zin.
  7470 | D:8      | Reached *** piety under Makhleb
  7567 | D:8      | Found an iron altar of Okawaru.
  7826 | D:8      | Noticed a two-headed ogre
  7839 | D:8      | Killed a two-headed ogre
  8336 | D:8      | Reached skill level 1 in Evocations
  8767 | D:9      | Found a sparkling altar of Nemelex Xobeh.
  8776 | D:9      | Noticed a cyan ugly thing
  8777 | D:9      | Noticed a death yak
  8781 | D:9      | Noticed a death yak
  9175 | D:9      | Found a staircase to the Lair.
  9254 | D:9      | Noticed a death yak
  9296 | D:8      | Mangled by a death yak

Levels and vault maps discovered:
D:1:      sevenhm_arrival_forest_fort_small_6, layout_loops_ring
D:2:      layout_loops_ring, grunt_temple_overflow_growth_and_decay,
          nicolae_overflow_hidden_temple, lemuel_crystal_altar,
          marbit_many_paths
D:3:      layout_rooms, gup_sewer_entry_bubbles, first_ration, uniq_terence
D:4:      layout_loops_ring, minmay_temple_entry_statues_fountains
D:5:      minmay_evil_eye, layout_basic, kennysheep_nondescript,
          roderic_lattice_a, uniq_duvessa
D:6:      layout_loops_ring, overflow_temple_1_default, uniq_sigmund
D:7:      minmay_cornered_nines, layout_basic, nicolae_overflow_quartered_altars
D:8:      layout_loops_corners, old_standard_altar, lemuel_doored_altar,
          basic_altar, serial_ice, serial_ice_o, serial_ice_n, serial_ice_h,
          serial_ice_d, serial_ice_l, serial_ice_f,
          hangedman_little_slice_of_home
D:9:      wander_river, layout_gridville, nemelex_xobeh_ov_fountains_minmay,
          dpeg_lair_monsters, chequers_serial_rivers_micro_a

Skill      XL: |  1  2  3  4  5  6  7  8  9 10 |
---------------+-------------------------------+-----
Dodging        | 3 4 5 |  5.6
Maces & Flails | 3 4 5 6 8 9 10 | 10.9
Armour         | 1 2 3 4 6 7 |  7.2
Fighting       | 3 4 6 7 |  7.6
Evocations     | 1 |  1.1
Throwing       | |  1.7

Action                   |  1- 3 |  4- 6 |  7- 9 | 10-12 || total
-------------------------+-------+-------+-------+-------++-------
Melee: Flail             |    64 |   255 |   308 |   265 ||   892
       Headbutt          |       |    38 |    70 |    66 ||   174
Throw: Throwing net      |     2 |     4 |     8 |       ||    14
Evoke: Wand              |       |       |       |     3 ||     3
  Use: Scroll            |     1 |    13 |     2 |     2 ||    18
       Potion            |       |     1 |     3 |     2 ||     6
 Stab: Held in net/web   |     2 |     4 |     2 |       ||     8
       Invisible         |       |       |       |     5 ||     5
  Eat: Chunk             |       |     2 |    13 |     5 ||    20
       Ration            |       |     1 |     2 |     1 ||     4
Armor: Leather armour    |     8 |       |       |       ||     8
       Chain mail        |    19 |   154 |    97 |       ||   270
       Plate armour      |       |       |    15 |   140 ||   155
Dodge: Dodged            |    47 |   146 |   127 |   109 ||   429
